Map: Ruins of Seras

Players

Miszu - Winner!

  • Race: Terran Terran
  • League: Master

Personal

  • Race: Protoss Protoss
  • League: Master

VOD

Have the link to the VOD?

Description

Time

  • Played on: Feb. 5, 2016, 5:11 p.m.
  • Length: 23:49
Show
View Real Time Build Order
Export as new Build Order

Miszu Terran - Winner!

Build Orders: Command Center First (CC), MMM Bio 

Get SALT Encoding   

  12  0:01  SCV  
  13  0:13  SCV  
  14  0:18  Supply Depot  
  14  0:25  SCV  
  15  0:40  SCV  
  16  0:52  SCV  
  17  1:01  Command Center  
  17  1:04  SCV  
  18  1:16  SCV  
  19  1:22  Barracks  
  19  1:28  SCV  
  20  1:35  Barracks  
  20  1:40  SCV  
  21  1:47  Barracks  
  21  1:52  SCV  
  22  2:08  Orbital Command  
  22  2:09  Marine  
  22  2:15  Orbital Command  
  23  2:23  Marine  
  23  2:28  Marine  
  25  2:33  Refinery x2  
  25  2:34  SCV  
  25  2:35  Marine  
  27  2:44  SCV  
  27  2:46  Marine, SCV  
  27  2:51  Marine  
  31  2:57  SCV  
  31  2:58  Marine, SCV  
  33  3:04  Supply Depot  
  35  3:07  Supply Depot, Barracks Tech Lab  
  35  3:09  SCV  
  35  3:14  Marine  
  35  3:16  Marine, SCV  
  37  3:21  SCV  
  37  3:26  Marine  
  39  3:27  Stimpack  
  39  3:28  SCV  
  39  3:32  Marine  
  39  3:33  SCV  
  42  3:34  Bunker  
  42  3:36  Marine  
  43  3:43  Marine  
  43  3:47  SCV  
  45  3:49  SCV  
  45  3:50  Factory, Marine  
  45  3:52  Refinery  
  45  3:54  Marine  
  48  3:59  SCV  
  48  4:01  Supply Depot, Marine  
  50  4:03  SCV  
  51  4:11  SCV  
  51  4:15  Marine, SCV  
  54  4:21  Engineering Bay  
  54  4:23  Marine, SCV  
  56  4:24  Supply Depot  
  56  4:25  Marine  
  56  4:28  SCV  
  58  4:33  Marine  
  58  4:35  Starport, SCV, Factory Reactor  
  60  4:40  SCV  
  60  4:41  Marine  
  62  4:46  Marine  
  62  4:47  SCV, Missile Turret  
  62  4:52  SCV  
  65  4:56  Marine  
  65  4:59  Supply Depot, Marine, SCV  
  68  5:02  Terran Infantry Weapons Level 1  
  68  5:04  SCV  
  68  5:05  Marine  
  70  5:11  Supply Depot  
  70  5:19  Liberator x2  
  70  5:21  SCV x2  
  72  5:22  Supply Depot  
  72  5:27  Marine  
  75  5:32  Combat Shields  
  75  5:33  SCV x2  
  75  5:34  Supply Depot  
  77  5:37  Barracks Reactor, Barracks Tech Lab  
  77  5:40  Refinery  
  81  5:45  SCV x2  
  81  5:46  Supply Depot  
  83  5:53  Marauder  
  85  6:07  Supply Depot  
  85  6:09  Supply Depot  
  85  6:11  Marauder  
  85  6:14  Command Center  
  87  6:19  Medivac x2  
  92  6:25  SCV  
  92  6:28  Marine x2, Marauder  
  92  6:31  Supply Depot  
  92  6:32  Supply Depot  
  96  6:33  Marauder  
  98  6:41  Fusion Core  
  98  6:42  Barracks  
  98  6:43  Barracks  
  98  6:44  Starport  
  101  7:02  Medivac x2  
  101  7:04  Marine, Marauder  
  101  7:05  SCV  
  106  7:10  Concussive Shells  
  106  7:20  Marine, Marauder  
  103  7:27  Starport Tech Lab  
  102  7:32  Medivac x2  
  102  7:36  Liberator  
  106  7:39  Barracks Tech Lab, Marauder  
  106  7:40  Barracks Reactor  
  106  7:41  Marauder  
  108  7:51  Liberator  
  108  7:53  Advanced Ballistics  
  108  7:55  Marine, Orbital Command  
  109  8:01  Marauder, SCV x2  
  109  8:03  Marauder  
  115  8:09  Refinery  
  115  8:11  Refinery  
  107  8:13  SCV  
  107  8:14  SCV  
  108  8:25  SCV  
  98  8:30  Liberator x2  
  98  8:33  Marine x2, Marauder x2  
  98  8:34  Marine x3  
  101  8:51  Marine x4  
  101  8:52  Marine  
  101  8:54  Marauder, Liberator  
  101  8:55  Marauder  
  109  9:02  Orbital Command  
  104  9:09  Marine  
  96  9:10  Marauder  
  96  9:15  Marine  
  96  9:16  Marine x3, Marauder  
  104  9:17  SCV  
  104  9:18  SCV  
  104  9:19  Liberator  
  104  9:21  Terran Infantry Armor Level 1  
  104  9:22  Orbital Command  
  106  9:26  Marine  
  106  9:30  SCV x2  
  111  9:31  Marauder  
  111  9:37  Marauder  
  111  9:38  Liberator  
  116  9:42  Marine, Marauder, SCV x2  
  121  9:48  SCV  
  121  9:49  Liberator  
  122  9:54  SCV x2  
  127  10:02  SCV  
  127  10:06  SCV  
  127  10:07  Marine, SCV  
  133  10:08  Marine x2  
  133  10:13  Liberator  
  133  10:14  SCV  
  137  10:18  SCV  
  137  10:20  Supply Depot x2, Liberator  
  138  10:25  Marauder  
  139  10:31  Marine x5, Marauder  
  139  10:32  Liberator  
  151  10:46  Marine  
  151  10:49  Marine x3  
  160  10:50  Marauder  
  160  10:56  Liberator  
  160  11:00  Marine, Marauder  
  160  11:03  Liberator  
  163  11:07  Marine, Marauder  
  163  11:10  Command Center  
  170  11:31  Liberator  
  170  11:32  Marine  
  153  11:33  Marine x2, Marauder  
  153  11:39  Liberator  
  134  11:46  Liberator  
  118  11:49  Marine, Marauder  
  118  11:53  Marauder  
  123  11:55  Marine x3, Marauder  
  123  11:59  Barracks  
  123  12:00  Barracks  
  128  12:02  Barracks  
  128  12:07  Marine  
  132  12:10  Engineering Bay, Marine  
  132  12:11  Armory  
  132  12:12  Marine  
  132  12:13  Marine x2  
  132  12:14  Liberator  
  132  12:15  Marauder  
  138  12:19  Marauder  
  138  12:22  Liberator  
  140  12:25  Marine  
  140  12:28  Marine  
  140  12:29  Liberator  
  142  12:30  Marine  
  142  12:31  Marine x2  
  142  12:36  Marauder  
  150  12:40  Marauder  
  150  12:42  Marine  
  156  12:48  Marine x2  
  156  12:50  Marine  
  161  12:53  Missile Turret  
  161  12:54  Marine  
  161  12:57  Liberator  
  162  13:01  Missile Turret  
  162  13:04  Liberator  
  161  13:12  Liberator  
  161  13:19  Marine x9, Marauder  
  175  13:23  Planetary Fortress  
  179  13:40  Marine, Liberator  
  182  13:41  Marine x2  
  182  13:45  Supply Depot  
  182  13:47  Liberator  
  182  13:54  Liberator  
  189  14:20  Marauder  
  189  14:23  Liberator  
  187  14:28  Marauder  
  173  14:40  Marine, Marauder  
  173  14:41  Marine x6  
  164  14:47  Liberator x2  
  164  14:48  Terran Infantry Armor Level 2, Terran Infantry Weapons Level 2  
  164  14:49  Marine  
  164  14:53  Command Center  
  164  14:55  Ghost Academy  
  164  14:58  Marine x4  
  150  15:19  Marine x9  
  153  15:26  SCV  
  153  15:27  SCV x2  
  153  15:36  Marine  
  153  15:37  Marine x8  
  159  15:54  Marine  
  159  15:55  Marine x7  
  159  15:56  Marauder  
  164  16:12  Marine  
  164  16:13  Marine x7  
  164  16:16  Marine  
  162  16:30  Marine  
  162  16:32  Medivac x2  
  165  16:33  Medivac  
  165  16:39  Ghost Academy  
  169  16:41  Refinery  
  169  16:55  Refinery  
  169  16:56  Refinery, Barracks Tech Lab x2  
  169  17:00  Ghost  
  168  17:15  SCV  
  169  17:21  Raven, Medivac, Ghost  
  169  17:22  Medivac  
  173  17:45  Marine x8  
  173  17:50  Marine  
  138  18:02  Marine  
  138  18:03  Marine x7  
  138  18:04  Raven  
  133  18:08  Marine  
  133  18:10  Medivac  
  130  18:20  Marine  
  130  18:21  Marine x7  
  130  18:23  Planetary Fortress  
  130  18:26  Marine  
  137  18:40  Medivac  
  137  18:41  Marine x7  
  148  18:51  Marine  
  149  19:02  Ghost x4  
  145  19:06  Marine  
  145  19:08  Refinery  
  145  19:09  Refinery x2  
  118  19:37  Marine  
  107  19:42  Marine  
  107  19:43  Marine x5  
  85  19:55  Marine  
  81  20:00  Marine  
  81  20:01  Marine x5  
  73  20:13  Marine  
  60  20:18  Marine  
  60  20:19  Marine  
  56  20:24  Marine  
  56  20:25  Marine x3  
  56  20:26  Viking  
  62  20:31  Marine  
  63  20:36  Marine x2  
  63  20:42  Marine  
  64  20:43  Marine x3  
  64  20:48  Marine  
  71  20:50  SCV x2  
  71  20:54  Marine x2, Medivac x2  
  71  20:56  Medivac  
  79  21:00  Marine x3  
  79  21:01  Marine  
  79  21:02  SCV  
  84  21:06  Marine  
  84  21:07  Liberator x2  
  85  21:12  Marine x2  
  85  21:18  Marine x4  
  85  21:24  Marine  
  94  21:29  Marine  
  94  21:30  Marine, SCV  
  94  21:31  SCV x2  
  99  21:36  Marine x2  
  103  21:41  Ghost  
  103  21:42  Marine, SCV  
  103  21:43  SCV  
  106  21:47  Marine  
  106  21:48  Marine  
  105  21:58  Liberator  
  105  21:59  Liberator x2  
  98  22:08  Marine x6  
  88  22:10  Marine  
  94  22:16  Orbital Command  
  103  22:26  Marine x5  
  103  22:28  Marine x2  
  110  22:43  Marine  
  111  22:44  Marine x3  
Show
View Real Time Build Order
Export as new Build Order

Personal Protoss 

Build Orders: 1 Gate Expand, Double Forge, Nexus First, Blink Stalkers 

Get SALT Encoding   

  12  0:01  Probe (Chrono Boost)  
  13  0:12  Probe (Chrono Boost)  
  14  0:18  Pylon  
  14  0:22  Probe (Chrono Boost)  
  15  0:36  Probe (Chrono Boost)  
  15  0:37  Gateway  
  16  0:47  Probe (Chrono Boost)  
  17  1:01  Nexus  
  17  1:11  Gateway  
  17  1:14  Probe (Chrono Boost)  
  18  1:20  Assimilator  
  18  1:25  Probe (Chrono Boost)  
  19  1:28  Assimilator  
  19  1:36  Probe (Chrono Boost)  
  20  1:44  Gateway  
  20  1:46  Probe (Chrono Boost)  
  21  1:57  Probe (Chrono Boost)  
  21  1:59  Cybernetics Core  
  22  2:07  Probe (Chrono Boost)  
  23  2:11  Pylon  
  23  2:13  Probe (Chrono Boost)  
  24  2:18  Probe (Chrono Boost)  
  25  2:25  Probe (Chrono Boost)  
  26  2:31  Probe (Chrono Boost)  
  27  2:38  Probe (Chrono Boost)  
  27  2:40  Stalker x2 (Chrono Boost)  
  32  2:44  Probe  
  32  2:46  Warp Gate  
  32  2:49  Probe  
  33  2:57  Probe (Chrono Boost)  
  34  3:02  Twilight Council  
  34  3:03  Probe (Chrono Boost)  
  35  3:08  Probe (Chrono Boost)  
  36  3:15  Probe (Chrono Boost)  
  36  3:19  Mothership Core (Chrono Boost)  
  39  3:24  Robotics Facility  
  39  3:25  Probe (Chrono Boost)  
  40  3:32  Blink  
  40  3:35  Pylon  
  40  3:36  Probe (Chrono Boost)  
  40  3:38  Probe (Chrono Boost)  
  42  3:46  Probe (Chrono Boost)  
  44  3:48  Probe (Chrono Boost)  
  44  3:57  Probe (Chrono Boost)  
  44  4:00  Nexus  
  44  4:02  Pylon  
  45  4:04  Probe (Chrono Boost)  
  45  4:08  Probe (Chrono Boost)  
  47  4:12  Assimilator  
  47  4:13  Assimilator  
  47  4:14  Observer (Chrono Boost), Probe  
  49  4:19  Probe  
  49  4:22  Pylon  
  50  4:26  Probe  
  51  4:33  Gateway x2  
  51  4:35  Probe  
  53  4:38  Probe  
  53  4:48  Probe  
  53  4:49  Forge, Observer (Chrono Boost)  
  53  4:50  Forge, Probe  
  56  5:00  Probe  
  56  5:02  Probe  
  56  5:05  Stalker x2  
  62  5:12  Immortal (Chrono Boost), Probe x2  
  67  5:18  Gateway  
  67  5:20  Resonating Glaives  
  68  5:23  Gateway  
  68  5:32  Protoss Ground Weapons Level 1 (Chrono Boost), Protoss Ground Armor Level 1 (Chrono Boost)  
  68  5:37  Gateway  
  68  5:39  Gateway  
  68  5:45  Probe  
  68  5:46  Probe  
  68  5:47  Pylon  
  68  5:48  Probe  
  71  5:50  Pylon  
  71  5:52  Sentry x3  
  78  5:57  Observer  
  78  5:58  Stalker  
  78  6:02  Probe x3  
  83  6:14  Probe x2  
  83  6:15  Adept  
  87  6:19  Adept x2, Pylon  
  87  6:22  Probe  
  87  6:23  Pylon  
  87  6:24  Pylon  
  92  6:26  Probe  
  92  6:29  Adept  
  92  6:30  Adept x2  
  99  6:38  Immortal  
  99  6:39  Probe  
  105  6:40  Probe x2  
  105  6:45  Stalker x2  
  110  6:50  Stalker  
  110  6:51  Stalker  
  114  6:55  Pylon  
  114  7:01  Stalker x2, Pylon  
  116  7:06  Probe x2  
  116  7:07  Probe  
  116  7:10  Stalker  
  118  7:18  Probe x2  
  118  7:20  Probe  
  118  7:21  Assimilator  
  119  7:26  Assimilator  
  118  7:30  Stalker  
  118  7:31  Stalker x3  
  118  7:36  Adept x2  
  130  7:41  Pylon  
  130  7:42  Pylon  
  130  7:43  Pylon  
  128  7:59  Warp Prism  
  128  8:00  Pylon  
  128  8:02  Pylon  
  126  8:14  Adept x6, Phoenix  
  126  8:15  Adept x2  
  136  8:46  Stalker  
  136  8:47  Stalker x7  
  148  8:51  Protoss Ground Armor Level 2 (Chrono Boost)  
  148  8:53  Protoss Ground Weapons Level 2 (Chrono Boost)  
  148  8:59  Nexus  
  148  9:00  Pylon  
  148  9:02  Pylon  
  128  9:15  Immortal  
  128  9:16  Probe  
  128  9:17  Probe x2  
  135  9:22  Templar Archives  
  135  9:23  Dark Shrine  
  135  9:24  Pylon  
  135  9:29  Probe x2  
  137  9:38  Probe  
  137  9:41  Assimilator, Probe x2  
  137  9:43  Pylon  
  140  9:59  Adept x8  
  156  10:01  Assimilator  
  156  10:02  Pylon  
  156  10:11  Probe x2  
  158  10:16  Immortal (Chrono Boost)  
  158  10:20  Stalker x4  
  170  10:28  High Templar x4  
  176  10:34  Archon x2  
  175  10:51  Probe x2  
  175  10:52  Probe  
  178  11:00  Zealot x5  
  178  11:01  Adept x2  
  178  11:02  Adept  
  194  11:07  Psionic Storm  
  194  11:08  Immortal (Chrono Boost)  
  195  11:11  Probe  
  195  11:12  Probe x2  
  195  11:15  Probe  
  124  11:47  Protoss Ground Weapons Level 3, Protoss Ground Armor Level 3  
  124  11:49  Stalker x8  
  137  11:55  Charge  
  133  12:13  High Templar x5  
  133  12:14  High Templar x3  
  149  12:17  Archon x3  
  149  12:18  Archon  
  148  12:30  Pylon  
  148  12:31  Nexus, Pylon  
  148  12:33  Pylon  
  148  12:45  Stalker x3  
  148  12:46  Stalker x5  
  164  12:58  Photon Cannon  
  164  13:01  Photon Cannon  
  164  13:03  Assimilator  
  164  13:08  Assimilator  
  164  13:10  Pylon  
  164  13:15  Adept x8  
  180  13:24  Pylon  
  168  13:44  Stargate  
  168  13:45  High Templar x4, Stargate  
  168  13:46  High Templar x2  
  176  14:06  Zealot  
  176  14:07  Zealot  
  174  14:26  Zealot x6  
  174  14:27  Zealot x2  
  188  14:34  Protoss Shields Level 1  
  116  14:50  Void Ray (Chrono Boost)  
  116  14:51  Void Ray (Chrono Boost)  
  118  14:56  Fleet Beacon  
  118  14:57  Stalker x7  
  118  14:58  Stalker  
  126  15:19  Immortal  
  125  15:24  Zealot x4  
  125  15:25  Zealot x4  
  116  15:37  Void Ray x2 (Chrono Boost)  
  101  16:33  Zealot x7  
  101  16:34  Zealot  
  101  16:35  Warp Prism  
  101  16:38  Tempest x2 (Chrono Boost)  
  127  17:03  High Templar  
  127  17:04  High Templar x5  
  127  17:05  High Templar x2  
  143  17:10  Archon  
  143  17:11  Archon x3  
  143  17:20  Tempest x2 (Chrono Boost)  
  133  17:46  Zealot x7  
  133  17:47  Zealot  
  129  18:10  Stalker x4  
  129  18:11  Stalker x2  
  141  18:18  High Templar x2  
  145  18:43  High Templar x2  
  145  18:44  High Templar x2  
  145  18:46  Stalker x2  
  157  18:51  Archon  
  157  18:52  Archon  
  157  18:55  Zealot x2  
  88  20:05  Nexus  
  68  20:26  High Templar  
  68  20:27  High Templar x5  
  68  20:28  High Templar  
  72  20:47  Zealot  
  72  20:59  Stalker x4  
  72  21:00  Stalker  
  76  21:31  Stalker  
  76  21:32  Stalker x3  
  84  21:47  Pylon  
  84  21:51  Pylon  
  70  22:12  Zealot x4  
  70  22:13  Zealot x3  
  70  22:14  High Templar  
  86  22:25  Observer (Chrono Boost)  
  87  22:47  Zealot x7  
  87  22:50  Zealot  
  85  23:16  Archon x2  
  85  23:17  Archon  
  80  23:20  Zealot x2  
Tags
 
Add a new tag
Caveats
  • Supply blocks, unpowered buildings, or Contaminate may cause inaccurate times.
  • Supply counts are checked every 10 seconds.